 Dungeon Crawl Stone Soup version 0.29.0-4-gdea44cf6ec (webtiles) character file.

Game seed: 12530093550007217471

1109 qw the Grappler (level 8, -9/75 HPs)
             Began as a Troll Cinder Acolyte on Aug 31, 2022.
             Was an Elder of Ignis.
             Mangled by a yak (13 damage)
             ... on level 4 of the Dungeon.
             The game lasted 00:01:59 (2974 turns).

qw the Grappler (Troll Cinder Acolyte)              Turns: 2974, Time: 00:01:59

Health: -9/75      AC: 11    Str: 25    XL:     8   Next: 11%
Magic:  8/8        EV:  9    Int: 10    God:    Ignis [****..]
Gold:   184        SH:  0    Dex:  5    Spells: 9/9 levels left

rFire   + . .      SeeInvis .     - Unarmed
rCold   . . .      Faith    .   (no shield)
rNeg    . . .      Spirit   .   a - +0 robe
rPois   .          Reflect  .   (helmet restricted)
rElec   .          Harm     .   (no cloak)
rCorr   +          Rampage  .   (gloves unavailable)
Will    .....                   (boots unavailable)
Stlth   +.........              (no amulet)
HPRegen 1.02/turn               i - ring of resist corrosion
MPRegen 0.11/turn               (no ring)

@: weakened, fiery-armoured
A: large, unfitting armour, claws 3, regeneration 1, shaggy fur 1, tough skin 1
a: Renounce Religion, Fiery Armour, Foxfire Swarm, Rising Flame


You were on level 4 of the Dungeon.
You worshipped Ignis.
Ignis was greatly pleased with you.
You visited 1 branch of the dungeon, and saw 4 of its levels.

You collected 184 gold pieces.


Innate Abilities, Weirdness & Mutations

You are too large for most types of armour.
You have claws for hands.
Your natural rate of healing is unusually fast.
You are covered in fur. (AC +1)
You have tough skin. (AC +1)


   Skills:
 - Level 3.1 Fighting
 - Level 2.2 Dodging
 + Level 9.3 Unarmed Combat
 - Level 1.0 Spellcasting
 - Level 2.1 Fire Magic


You had 9 spell levels left.
You didn't know any spells.
Your spell library contained the following spells:

 Spells                   Type           Power      Damage    Failure   Level
 Scorch                   Fire           8%         2d5       22%         2

Inventory:

Armour
 a - a +0 robe (worn)
Jewellery
 b - a ring of fire
 i - a ring of resist corrosion (left claw)
Scrolls
 c - a scroll of fear {unknown}
 g - a scroll of amnesia {unknown}
 Y - 2 scrolls of identify
Potions
 d - a potion of invisibility {unknown}
 e - a potion of lignification {unknown}
 f - a potion of curing {unknown}
 h - a potion of magic {unknown}
 j - a potion of flight {unknown}
 k - a potion of cancellation {unknown}
 l - a potion of heal wounds {unknown}

Dungeon Overview and Level Annotations

Branches:
Dungeon (4/15)
 Temple: D:4-7

Altars:
Makhleb

Shops:
D:1 !


Message History

The gnoll bouda gazes fiercely through you!
You feel as though you will be weak longer.
The gnoll bouda hits you but does no damage.
The gnoll bouda is burned by your cloak of flames.
You kill the gnoll bouda!
The gnoll hits you but does no damage. The yak gores you.
The yak is burned by your cloak of flames.
The yak is lightly wounded.
The gnoll hits you with a +0 halberd.
The gnoll is burned by your cloak of flames.
The gnoll is lightly wounded.
Items here: $ % ) [.
You claw the yak!
The yak is moderately wounded.
The yak gores you but does no damage. The gnoll misses you.
You scratch the yak but do no damage. You claw the yak.
The yak is heavily wounded.
The yak gores you but does no damage.
The yak is burned by your cloak of flames.
The yak is severely wounded.
The gnoll hits you with a +0 halberd!
The gnoll is burned by your cloak of flames.
The gnoll is heavily wounded.
You claw the yak!
The yak is almost dead.
The yak barely misses you.
You claw the yak!
You kill the yak!
The gnoll closely misses you.
Your Dodging skill gained 2 levels and is now at level 2!
You have reached level 8!
You scratch the gnoll.
The gnoll is almost dead.
The gnoll hits you with a +0 halberd.
The gnoll is burned by your cloak of flames.
You kill the gnoll!
2974 ||| Stepping ~*~*~tactically~*~*~ (outnumbered).
The yak attacks as you move away! The yak gores you!
You die...

#.........# #
######+#%###.#
#...#.......## .
#...#.......... ..
#...#.......... ..
###...#......#### .. .
#.+..........# .#...
#.#...###+#.#####....#
#..............@YY...#
#.#.####...#####Z.##.#
#.#....+.......ZY....
#.######...#####....##
#.# #...# ....# ###
#...# ...... #...#
....... ##### ....##.


You could see 3 yaks and a goblin skeleton.

Vanquished Creatures
  Sigmund (D:3)
  2 yaks (D:4)
  A scorpion (D:4)
  A hound (D:4)
  A gnoll bouda (D:4)
  An orc priest (D:4)
  3 iron imps (D:3)
  Terence (D:2)
  Jessica (D:2)
  An iguana (D:4)
  An orc wizard (D:4)
  Natasha (thrice) (D:3)
  Ijyb (D:3)
  Robin (D:3)
  8 gnolls (D:4)
  7 adders
  A worm (D:3)
  3 dart slugs
  3 orcs
  6 bats
  4 endoplasms
  4 giant cockroaches
  15 goblins
  6 hobgoblins
  4 kobolds
  3 quokkas
  4 ball pythons
  3 frilled lizards
  4 rats
94 creatures vanquished.

Notes
Turn   | Place    | Note
-------+----------+-------------------------------------------
     0 | D:1      | qw the Troll Cinder Acolyte began the quest for the Orb.
     0 | D:1      | Reached XP level 1. HP: 22/22 MP: 1/1
     0 | D:1      | 0 ||| qw: Version: 0.1-a-97-g2dd2ca4
     0 | D:1      | 0 ||| qw: Game counter: 4630
     0 | D:1      | 0 ||| qw: Always use a shield: true
     0 | D:1      | 0 ||| qw: God list: Okawaru
     0 | D:1      | 0 ||| qw: Allow faded altars: false
     0 | D:1      | 0 ||| qw: Do Orc after D:15 true
     0 | D:1      | 0 ||| qw: Do second Lair branch before Depths: true
     0 | D:1      | 0 ||| qw: Lair rune preference: random
     0 | D:1      | 0 ||| qw: Plans: Normal
     0 | D:1      | 0 ||| PLANNING D:1-11
   101 | D:1      | Found Haecel's Distillery.
   120 | D:1      | 120 ||| SHOPLISTING potion of cancellation (80 gold, have
                  | 15).
   120 | D:1      | 120 ||| SHOPLISTING potion of curing (30 gold, have 15).
   120 | D:1      | 120 ||| SHOPLISTING potion of haste (100 gold, have 15).
   120 | D:1      | 120 ||| SHOPLISTING potion of might (40 gold, have 15).
   209 | D:1      | Reached XP level 2. HP: 29/29 MP: 2/2
   589 | D:1      | Found a faded altar of an unknown god.
   624 | D:1      | 624 ||| READING scroll labelled NYKYGUD MUNUXO.
   629 | D:1      | 629 ||| READING 2 scrolls labelled ALASURR VOIS.
   630 | D:1      | 630 ||| DROPPING scroll of poison.
   631 | D:1      | 631 ||| Stepping randomly (stuck).
   632 | D:1      | 632 ||| Stepping ~*~*~tactically~*~*~ (cloud).
   871 | D:2      | Reached skill level 4 in Unarmed Combat
   912 | D:2      | Reached XP level 3. HP: 36/36 MP: 3/3
   957 | D:2      | Noticed Terence
   965 | D:2      | Killed Terence
   993 | D:2      | Noticed Jessica
   995 | D:2      | 995 ||| Stepping ~*~*~tactically~*~*~ (hiding).
  1006 | D:2      | 1006 ||| Stepping ~*~*~tactically~*~*~ (hiding).
  1010 | D:2      | Killed Jessica
  1011 | D:2      | Reached skill level 5 in Unarmed Combat
  1011 | D:2      | Reached XP level 4. HP: 39/44 MP: 4/4
  1028 | D:2      | Identified the +5 ring mail "Sogiu" {*Slow rF+ Stlth+}
  1063 | D:2      | 1063 ||| Stepping ~*~*~tactically~*~*~ (stealth).
  1179 | D:2      | 1179 ||| Stepping ~*~*~tactically~*~*~ (stealth).
  1180 | D:2      | 1180 ||| Stepping ~*~*~tactically~*~*~ (stealth).
  1429 | D:2      | 1429 ||| READING scroll labelled FAERCH QASEICLA.
  1430 | D:2      | 1430 ||| READING 2 scrolls labelled WAXKOTT UKITICS.
  1449 | D:3      | Noticed Ijyb
  1450 | D:3      | 1450 ||| Stepping ~*~*~tactically~*~*~ (hiding).
  1469 | D:3      | 1469 ||| INVOKING Fiery Armour.
  1470 | D:3      | Killed Ijyb
  1471 | D:3      | Reached XP level 5. HP: 26/50 MP: 5/5
  1473 | D:3      | 1473 ||| FLEEEEING.
  1474 | D:3      | 1474 ||| STAIRDANCE
  1556 | D:3      | Reached skill level 6 in Unarmed Combat
  1579 | D:3      | Noticed Robin
  1583 | D:3      | 1583 ||| Stepping ~*~*~tactically~*~*~ (outnumbered).
  1584 | D:3      | 1584 ||| Stepping ~*~*~tactically~*~*~ (outnumbered).
  1585 | D:3      | 1585 ||| Stepping ~*~*~tactically~*~*~ (outnumbered).
  1586 | D:3      | 1586 ||| Stepping ~*~*~tactically~*~*~ (outnumbered).
  1587 | D:3      | 1587 ||| Stepping ~*~*~tactically~*~*~ (outnumbered).
  1588 | D:3      | 1588 ||| Stepping ~*~*~tactically~*~*~ (outnumbered).
  1589 | D:3      | 1589 ||| Stepping ~*~*~tactically~*~*~ (outnumbered).
  1590 | D:3      | 1590 ||| Stepping ~*~*~tactically~*~*~ (outnumbered).
  1591 | D:3      | 1591 ||| Stepping ~*~*~tactically~*~*~ (outnumbered).
  1592 | D:3      | 1592 ||| Stepping ~*~*~tactically~*~*~ (outnumbered).
  1593 | D:3      | 1593 ||| Stepping ~*~*~tactically~*~*~ (outnumbered).
  1600 | D:3      | 1600 ||| Stepping ~*~*~tactically~*~*~ (outnumbered).
  1601 | D:3      | 1601 ||| Stepping ~*~*~tactically~*~*~ (outnumbered).
  1602 | D:3      | 1602 ||| Stepping ~*~*~tactically~*~*~ (outnumbered).
  1603 | D:3      | 1603 ||| Stepping ~*~*~tactically~*~*~ (outnumbered).
  1604 | D:3      | 1604 ||| Stepping ~*~*~tactically~*~*~ (outnumbered).
  1605 | D:3      | 1605 ||| Stepping ~*~*~tactically~*~*~ (outnumbered).
  1606 | D:3      | 1606 ||| Stepping ~*~*~tactically~*~*~ (outnumbered).
  1607 | D:3      | 1607 ||| Stepping ~*~*~tactically~*~*~ (outnumbered).
  1608 | D:3      | 1608 ||| Stepping ~*~*~tactically~*~*~ (outnumbered).
  1609 | D:3      | 1609 ||| Stepping ~*~*~tactically~*~*~ (outnumbered).
  1610 | D:3      | 1610 ||| Stepping ~*~*~tactically~*~*~ (outnumbered).
  1611 | D:3      | 1611 ||| Stepping ~*~*~tactically~*~*~ (outnumbered).
  1612 | D:3      | 1612 ||| Stepping ~*~*~tactically~*~*~ (outnumbered).
  1613 | D:3      | 1613 ||| Stepping ~*~*~tactically~*~*~ (outnumbered).
  1614 | D:3      | 1614 ||| Stepping ~*~*~tactically~*~*~ (outnumbered).
  1615 | D:3      | 1615 ||| Stepping ~*~*~tactically~*~*~ (outnumbered).
  1616 | D:3      | 1616 ||| Stepping ~*~*~tactically~*~*~ (outnumbered).
  1617 | D:3      | 1617 ||| Stepping ~*~*~tactically~*~*~ (outnumbered).
  1618 | D:3      | 1618 ||| Stepping ~*~*~tactically~*~*~ (outnumbered).
  1619 | D:3      | 1619 ||| INVOKING Fiery Armour.
  1620 | D:3      | 1620 ||| Stepping ~*~*~tactically~*~*~ (outnumbered).
  1620 | D:3      | Found a burning altar of Makhleb.
  1627 | D:3      | Killed Robin
  1629 | D:3      | 1629 ||| FLEEEEING.
  1630 | D:3      | 1630 ||| FLEEEEING.
  1631 | D:3      | 1631 ||| FLEEEEING.
  1632 | D:3      | 1632 ||| FLEEEEING.
  1634 | D:3      | 1634 ||| STAIRDANCE
  1697 | D:3      | Noticed Sigmund
  1698 | D:3      | 1698 ||| Stepping ~*~*~tactically~*~*~ (hiding).
  1700 | D:3      | Noticed Natasha
  1701 | D:3      | 1701 ||| Stepping ~*~*~tactically~*~*~ (outnumbered).
  1707 | D:3      | Killed Sigmund
  1708 | D:3      | Reached skill level 7 in Unarmed Combat
  1708 | D:3      | Reached XP level 6. HP: 59/59 MP: 6/6
  1713 | D:3      | Killed Natasha
  1811 | D:3      | 1811 ||| Stepping ~*~*~tactically~*~*~ (stealth).
  1837 | D:3      | Noticed Natasha
  1846 | D:3      | Killed Natasha
  2066 | D:3      | Noticed Natasha
  2080 | D:3      | Killed Natasha
  2131 | D:3      | Reached skill level 8 in Unarmed Combat
  2393 | D:3      | Reached XP level 7. HP: 60/66 MP: 7/7
  2554 | D:3      | 2554 ||| UPGRADING to ring of resist corrosion.
  2555 | D:3      | 2555 ||| DRINKING 2 clear potions.
  2556 | D:3      | 2556 ||| READING 2 scrolls of identify.
  2556 | D:3      | 2556 ||| IDENTIFYING glowing red potion
  2557 | D:3      | 2557 ||| DROPPING potion of attraction.
  2558 | D:3      | 2558 ||| DROPPING potion of brilliance.
  2622 | D:4      | 2622 ||| Stepping ~*~*~tactically~*~*~ (hiding).
  2634 | D:4      | 2634 ||| Stepping ~*~*~tactically~*~*~ (outnumbered).
  2635 | D:4      | 2635 ||| Stepping ~*~*~tactically~*~*~ (outnumbered).
  2637 | D:4      | 2637 ||| Stepping ~*~*~tactically~*~*~ (outnumbered).
  2638 | D:4      | 2638 ||| Stepping ~*~*~tactically~*~*~ (outnumbered).
  2639 | D:4      | 2639 ||| INVOKING Fiery Armour.
  2640 | D:4      | 2640 ||| Stepping ~*~*~tactically~*~*~ (outnumbered).
  2641 | D:4      | 2641 ||| Stepping ~*~*~tactically~*~*~ (outnumbered).
  2649 | D:4      | Reached skill level 3 in Fighting
  2828 | D:4      | 2828 ||| Stepping ~*~*~tactically~*~*~ (outnumbered).
  2829 | D:4      | 2829 ||| Stepping ~*~*~tactically~*~*~ (outnumbered).
  2830 | D:4      | 2830 ||| Stepping ~*~*~tactically~*~*~ (outnumbered).
  2831 | D:4      | 2831 ||| Stepping ~*~*~tactically~*~*~ (outnumbered).
  2832 | D:4      | 2832 ||| Stepping ~*~*~tactically~*~*~ (outnumbered).
  2833 | D:4      | 2833 ||| Stepping ~*~*~tactically~*~*~ (outnumbered).
  2834 | D:4      | 2834 ||| Stepping ~*~*~tactically~*~*~ (outnumbered).
  2835 | D:4      | 2835 ||| Stepping ~*~*~tactically~*~*~ (outnumbered).
  2836 | D:4      | 2836 ||| Stepping ~*~*~tactically~*~*~ (outnumbered).
  2837 | D:4      | 2837 ||| Stepping ~*~*~tactically~*~*~ (outnumbered).
  2838 | D:4      | 2838 ||| Stepping ~*~*~tactically~*~*~ (outnumbered).
  2839 | D:4      | 2839 ||| Stepping ~*~*~tactically~*~*~ (outnumbered).
  2942 | D:4      | Noticed a yak
  2942 | D:4      | Noticed a yak
  2942 | D:4      | Noticed a yak
  2942 | D:4      | Noticed a yak
  2942 | D:4      | Noticed a yak
  2943 | D:4      | 2943 ||| Stepping ~*~*~tactically~*~*~ (hiding).
  2945 | D:4      | 2945 ||| Stepping ~*~*~tactically~*~*~ (stealth).
  2955 | D:4      | Noticed a yak
  2960 | D:4      | 2960 ||| INVOKING Fiery Armour.
  2962 | D:4      | Killed a yak
  2963 | D:4      | Reached skill level 9 in Unarmed Combat
  2968 | D:4      | HP: 15/67 [yak (5)]
  2970 | D:4      | HP: 4/67 [gnoll/+0 halberd[a gnoll bouda] (7)]
  2972 | D:4      | Killed a yak
  2973 | D:4      | Reached XP level 8. HP: 6/75 MP: 8/8
  2974 | D:4      | 2974 ||| Stepping ~*~*~tactically~*~*~ (outnumbered).
  2974 | D:4      | Mangled by a yak

Levels and vault maps discovered:
D:1:      psy_arrival_basics, layout_basic, serial_shops, nicolae_square_shop,
          hellmonk_ecumenical_altar_heavens_door,
          chequers_serial_rivers_small_b, minmay_misc_feat_tiny,
          due_unseen_surprise
D:2:      layout_loops_ring, st_stairs_12, kennysheep_another_room,
          nicolae_concentric_dashed_squares_mild, kennysheep_jessica_study,
          uniq_terence
D:3:      layout_basic, demons_altar, uniq_robin, uniq_ijyb, uniq_sigmund,
          uniq_natasha
D:4:      layout_basic, nicolae_tso_besieged_by_evil

Skill      XL: |  1  2  3  4  5  6  7 |
---------------+----------------------+-----
Unarmed Combat | 4 5 7 8 9 |  9.3
Fighting       | 3 |  3.1
Dodging        | 2 |  2.2
Spellcasting   | |  1.0
Fire Magic     | |  2.1

Action                   |  1- 3 |  4- 6 |  7- 9 || total
-------------------------+-------+-------+-------++-------
Melee: Unarmed           |    62 |   124 |    52 ||   238
       Punch             |       |     1 |     3 ||     4
Invok: Fiery Armour      |       |     2 |     2 ||     4
  Use: Scroll            |     2 |     2 |     1 ||     5
       Potion            |       |       |     1 ||     1
Armor: Robe              |    18 |    57 |    14 ||    89
Dodge: Dodged            |    19 |    49 |    24 ||    92

Table legend:
 A = Non-vault XP
 B = Vault XP
 C = Vault XP percentage of total XP
 D = Non-vault monster count
 E = Vault monster count
 F = Vault count percentage of total count
                 A         B        C        D         E       F
            +---------+---------+-------+---------+---------+-------
      Total |    1054 |     531 |  33.5 |      71 |      23 |  24.5
            +---------+---------+-------+---------+---------+-------
        D:1 |      13 |       0 |   0.0 |       6 |       0 |   0.0
        D:2 |      58 |      78 |  57.4 |      21 |       4 |  16.0
        D:3 |     157 |     453 |  74.3 |      23 |      19 |  45.2
        D:4 |     826 |       0 |   0.0 |      21 |       0 |   0.0
            +---------+---------+-------+---------+---------+-------
